 Dungeon Crawl Stone Soup version 0.28.0-45-g0d030f2227 (webtiles) character file.

Game seed: 6541708778363239973

149 RascalDebosk the Skirmisher (level 5, -3/43 HPs)
             Began as a Palentonga Fighter on Apr 17, 2022.
             Slain by an orc
             ... wielding a +0 mace
              (4 damage)
             ... on level 3 of the Dungeon.
             The game lasted 00:10:25 (2273 turns).

RascalDebosk the Skirmisher (Palentonga Fighter)    Turns: 2273, Time: 00:10:26

Health: -3/43      AC:  6    Str: 21    XL:     5   Next: 9%
Magic:  5/5        EV:  7    Int:  9    God:
Gold:   97         SH:  4    Dex:  9    Spells: 4/4 levels left

rFire   . . .      SeeInvis +   a - +0 war axe
rCold   . . .      Faith    .   c - +0 buckler
rNeg    . . .      Spirit   .   b - +0 scale mail
rPois   .          Reflect  .   (no helmet)
rElec   .          Harm     .   (no cloak)
rCorr   .          Rampage  .   (no gloves)
Will    .....                   (no barding)
Stlth   ..........              (no amulet)
HPRegen 0.14/turn               (no ring)
MPRegen 0.09/turn               (no ring)

@: no status effects
A: large, rugged brown scales 3, see invisible, deformed body, roll 1, armoured
tail
a: Rolling Charge


You were on level 3 of the Dungeon.
You visited 1 branch of the dungeon, and saw 3 of its levels.

You collected 97 gold pieces.

Inventory:

Hand Weapons
 a - a +0 war axe (weapon)
Missiles
 i - 4 poisoned darts
Armour
 b - a +0 scale mail (worn)
 c - a +0 buckler (worn)
Scrolls
 e - a scroll of teleportation {unknown}
 f - 2 scrolls of vulnerability {unknown}
 g - a scroll of identify {unknown}
 k - a scroll of summoning {unknown}
 l - a scroll of amnesia {unknown}
 n - a scroll of fear {unknown}
Potions
 d - 2 potions of might
 h - a potion of resistance {unknown}
 j - a potion of curing {unknown}
 m - a potion of cancellation {unknown}
 o - a potion of haste {unknown}


   Skills:
 + Level 3.6 Fighting
 + Level 2.7 Axes
 + Level 1.2 Throwing
 + Level 2.9 Armour
 + Level 3.0 Shields
 + Level 1.4 Evocations


You had 4 spell levels left.
You didn't know any spells.
Your spell library was empty.

Dungeon Overview and Level Annotations

Branches:
Dungeon (3/15)

Altars:
Ru

Shops:
D:1 (*


Innate Abilities, Weirdness & Mutations

You are completely covered in rugged brown scales. (AC +3, +7% HP)
You have supernaturally acute eyesight. (SInv)
Armour fits poorly on your strangely shaped body.
You can roll at nearby foes to attack.
You have a long armoured tail.


Message History

The scorpion poisons you!
The scorpion stings you but does no damage.
You closely miss the scorpion.
The scorpion is heavily wounded.
You feel very sick. The scorpion barely misses you.
The scorpion completely misses you.
You hit the scorpion.
Your tail-slap misses the scorpion.
The scorpion is severely wounded.
You feel sick. The scorpion barely misses you.
You closely miss the scorpion.
The scorpion is severely wounded.
You feel sick. The scorpion stings you. The scorpion barely misses you.
An orc comes into view. It is wielding a +0 mace.
You slash the scorpion!
You kill the scorpion!
You closely miss the orc.
You feel sick. The orc hits you with a +0 mace.
Your Shields skill increases to level 3!
You have reached level 5!
You closely miss the orc.
You feel sick. The orc hits you but does no damage. x2
You closely miss the orc.
You feel sick.
You are no longer poisoned.
The orc hits you with a +0 mace.
* * * LOW HITPOINT WARNING * * *
You hit the orc.
Your tail-slap misses the orc.
The orc is severely wounded.
You barely miss the worm. The orc barely misses you. The worm bites you.
* * * LOW HITPOINT WARNING * * *
You hit the orc but do no damage.
The orc is heavily wounded.
You slash the worm! The orc hits you but does no damage.
You block the orc's attack. The worm barely misses you.
You closely miss the orc.
The orc is heavily wounded.
You hit the worm. The orc hits you with a +0 mace.
* * * LOW HITPOINT WARNING * * *
The worm bites you but does no damage.
You closely miss the orc.
Your tail-slap misses the orc.
The orc is heavily wounded.
You hit the worm. The orc hits you with a +0 mace.
You die...

#.#### #..... .....#
....# #...# #.###...#
########.......#
#.)....######o.#####
#.####......@w.......
#<# ########..######
#.# #..# #.# ...# ###
.### . #.


You could see a worm and an orc.

Vanquished Creatures
  A scorpion (D:3)
  5 adders
  A dart slug (D:1)
  A worm (D:2)
  A ball python (D:2)
  2 endoplasms (D:2)
  A giant cockroach (D:2)
  4 hobgoblins
  A quokka (D:1)
  5 bats
  3 frilled lizards
  4 goblins
  4 kobolds
  7 rats
40 creatures vanquished.

Vanquished Creatures (others)
  A ball python (D:3)
1 creature vanquished.

Grand Total: 41 creatures vanquished

Notes
Turn   | Place    | Note
-------+----------+-------------------------------------------
     0 | D:1      | RascalDebosk the Palentonga Fighter began the quest for the
                  | Orb.
     0 | D:1      | Reached XP level 1. HP: 19/19 MP: 1/1
   283 | D:1      | Reached XP level 2. HP: 25/25 MP: 2/2
   356 | D:1      | Found Onnis's Assorted Antiques.
   445 | D:1      | Found Joynemo's Weapon Shoppe.
   958 | D:2      | Reached XP level 3. HP: 31/31 MP: 3/3
  1394 | D:2      | Found a sacrificial altar of Ru.
  1526 | D:2      | Reached skill level 1 in Evocations
  1624 | D:2      | Found a faded altar of an unknown god.
  1861 | D:2      | Reached XP level 4. HP: 26/37 MP: 4/4
  2256 | D:3      | Reached skill level 1 in Throwing
  2256 | D:3      | Noticed a scorpion
  2267 | D:3      | Killed a scorpion
  2268 | D:3      | Reached XP level 5. HP: 14/43 MP: 5/5
  2272 | D:3      | HP: 1/43 [orc/+0 mace (5)]
  2273 | D:3      | Slain by an orc

Illustrated notes

Levels and vault maps discovered:
D:1:      enne_arrival_octagon_isle, layout_basic, serial_shops, shop,
          shop_statue, grunt_decor_resistance, minmay_misc_feat_ornament
D:2:      layout_loops_corners, basic_ecumenical_altar, basic_altar,
          minmay_misc_feat_secret_circle, minmay_cupped
D:3:      minmay_razor_zed, layout_loops_ring,
          nicolae_hepliaklqana_monster_ancestors, xom_confusion_cloud

Skill      XL: |  1  2  3  4 |
---------------+-------------+-----
Evocations     | 1 |  1.4
Throwing       | 1 |  1.2
Shields        | 3 |  3.0
Fighting       | |  3.6
Axes           | |  2.7
Armour         | |  2.9

Action                   |  1- 3 |  4- 6 || total
-------------------------+-------+-------++-------
Melee: War axe           |    96 |    26 ||   122
       Tailslap          |     9 |     2 ||    11
 Abil: Rolling Charge    |     2 |     2 ||     4
Armor: Scale mail        |    62 |    11 ||    73
Dodge: Dodged            |    51 |    10 ||    61
Block: Buckler           |    19 |     4 ||    23
